AoeStats
← josephharlan

MegaRandom

510445475Analyzed
3v3 RM · 3d ago on Oct 1, 2026· 58m 32s· 6 players
Game mode
Random Map
Map size
Normal (6 player)
Population
200
Speed
Normal
Resources
Standard
Victory
Conquest
Starting age
Dark Age
Ending age
Imperial Age
RankedLock teamsTeams togetherTeam positionsShared explorationLock speedFull tech treeHidden civsTurbo modeCheats
Victory
Defeat
🇧🇩 Varangians · Bangladesh
1266
+11
🇧🇩 Italians · Bangladesh
1160
+15
🇨🇳 Ethiopians · China
1128
+17
🇺🇸 Malay · United States
1233
-17
🇺🇸 Varangians · United States
1177
-16
🇺🇸 Ethiopians · United States
1039
-10
buh
9:56 Feudal Age
10:32 Double-Bit Axe
12:46 Bloodlines
14:36 Wheelbarrow
13:48 Loom
14:42 Forging
18:59 Castle Age
17:45 Horse Collar
17:59 Gold Mining
20:00 Bow Saw
21:25 Scale Barding Armor
25:26 Wheelbarrow
25:44 Chain Barding Armor
27:13 Iron Casting
27:35 Stone Mining
34:03 Vendel Legacy
40:10 Imperial Age
38:49 Fervor
39:10 Husbandry
39:38 Padded Archer Armor
39:28 Fletching
39:01 Elite Skirmisher
41:57 Plate Barding Armor
42:23 Blast Furnace
41:32 Bodkin Arrow
41:11 Cavalier
43:03 Leather Archer Armor
43:47 Heavy Scorpion
45:18 Conscription
50:19 Ring Archer Armor
49:52 Bracer
49:49 Elite Jarl
chuckles2837
8:37 Loom
10:54 Feudal Age
14:41 Castle Age
13:12 Double-Bit Axe
13:10 Horse Collar
18:56 Fletching
19:22 Padded Archer Armor
20:06 Crossbowman
29:49 Thumb Ring
30:25 Bow Saw
36:08 Imperial Age
35:28 Bodkin Arrow
36:35 Arbalester
39:16 Leather Archer Armor
42:43 Forging
42:39 Scale Barding Armor
43:03 Bracer
44:58 Wheelbarrow
44:09 Town Watch
48:59 Two-Man Saw
49:10 Ballistics
49:50 Chemistry
josephharlan
4:12 Loom
12:24 Feudal Age
12:23 Fishing Lines
12:34 Double-Bit Axe
12:37 Fishing Lines
14:09 Wheelbarrow
14:46 Fletching
15:24 Gold Mining
18:45 Castle Age
20:33 Bow Saw
23:30 Gillnets
24:12 Forging
24:19 Hand Cart
25:41 Gold Mining
25:42 Stone Mining
26:33 Padded Archer Armor
26:45 Squires
26:31 Arson
29:13 Gold Shaft Mining
29:13 Stone Shaft Mining
33:01 Imperial Age
30:04 Man-at-Arms
30:29 Elite Skirmisher
31:20 Bodkin Arrow
31:40 Leather Archer Armor
31:26 Long Swordsman
32:52 Conscription
33:18 Two-Handed Swordsman
35:23 Ballistics
36:03 Chemistry
35:10 Siege Engineers
35:46 Leather Archer Armor
35:38 Bracer
36:15 Iron Casting
37:00 Forced Levy
37:49 Ring Archer Armor
38:52 Iron Casting
KG.专业开脑壳
0:40 Loom
10:52 Feudal Age
12:23 Double-Bit Axe
17:53 Castle Age
16:06 Horse Collar
16:43 Gold Mining
17:32 Fletching
18:25 Crossbowman
20:51 Bodkin Arrow
21:44 Bow Saw
24:14 Heavy Plow
25:40 Gold Shaft Mining
25:55 Wheelbarrow
31:31 Imperial Age
29:45 Thumb Ring
30:48 Padded Archer Armor
31:26 Ballistics
31:54 Arbalester
32:00 Arbalester
33:24 Hand Cart
33:31 Leather Archer Armor
34:05 Ballistics
34:46 Chemistry
36:28 Bracer
37:05 Ring Archer Armor
36:35 Scale Mail Armor
36:47 Forging
36:25 Arson
37:58 Squires
38:50 Stone Mining
38:50 Town Watch
41:15 Chain Mail Armor
41:36 Iron Casting
42:13 Stone Shaft Mining
44:18 Plate Mail Armor
46:04 Blast Furnace
44:33 Elite Skirmisher
47:46 Conscription
51:14 Two-Man Saw
50:37 Torsion Engines
51:28 Masonry
51:28 Scale Barding Armor
53:50 Chain Barding Armor
54:14 Light Cavalry
54:54 Husbandry
57:26 Hussar
LEGEND00007
9:45 Loom
11:49 Feudal Age
15:17 Double-Bit Axe
16:39 Fletching
18:35 Fishing Lines
21:28 Padded Archer Armor
24:22 Castle Age
23:44 Gold Mining
23:37 Horse Collar
24:43 Crossbowman
25:28 Thumb Ring
25:24 Bodkin Arrow
27:58 Town Watch
27:47 Elite Skirmisher
41:50 Imperial Age
39:59 Wheelbarrow
41:10 Leather Archer Armor
42:26 Arbalester
43:41 Bracer
45:13 Ballistics
46:26 Conscription
52:17 Ring Archer Armor
58:21 Hand Cart
58:07 Town Patrol
57:38 Elite Genoese Crossbowman
58:53 Hoardings
58:39 Silk Road
Aeros
0:30 Loom
10:34 Feudal Age
15:00 Castle Age
14:38 Scale Mail Armor
14:38 Double-Bit Axe
19:56 Horse Collar
27:21 Chain Mail Armor
28:21 Forging
31:11 Bow Saw
31:10 Heavy Plow
31:03 Gambesons
32:54 Iron Casting
34:40 Wheelbarrow
38:27 Imperial Age
37:32 Squires
37:18 Arson
37:52 Fortified Wall
38:28 Elite Varangian Guard
41:11 Blast Furnace
41:11 Plate Mail Armor
44:12 Gothikon
48:11 Coinage
Connection lost

Rejoining the realm…

Still unreachable

The connection could not be restored.

Session expired

The server has moved on; the page needs a fresh start.